 Dungeon Crawl Stone Soup version 0.30.1-4-g462c640d31 (webtiles) character file.

Game seed: 12628931217432799390

17 booth the Conjurer (level 2, -4/22 HPs)
             Began as a Demonspawn Reaver on Aug 27, 2023.
             Slain by a gnoll
             ... wielding a +0 flail of protection
              (6 damage)
             ... on level 1 of the Dungeon.
             The game lasted 00:04:18 (963 turns).

booth the Conjurer (Demonspawn Reaver)               Turns: 963, Time: 00:04:19

Health: -4/22      AC:  3    Str: 12    XL:     2   Next: 44%
Magic:  5/5        EV: 11    Int: 14    God:
Gold:   28         SH:  0    Dex: 11    Spells: 4/5 levels left

rFire   + . .        a - +0 hand axe
rCold   + . .        (no shield)
rNeg    . . .        b - +0 leather armour
rPois   +            (helmet restricted)
rElec   +            (no cloak)
rCorr   +            (no gloves)
SInv    .            (no boots)
Will    .....        (no amulet)
Stlth   +            (no ring)
HPRegen 0.23/turn    (no ring)
MPRegen 0.09/turn

%: no passive effects
@: resistant, weak-willed, flying
A: horns 1
a: no special abilities


You were on level 1 of the Dungeon.
You visited 1 branch of the dungeon, and saw 2 of its levels.

You collected 28 gold pieces.

Inventory:

Hand Weapons
 a - a +0 hand axe (weapon)
Armour
 b - a +0 leather armour (worn)
Potions
 d - a potion of heal wounds {unknown}
 e - a potion of curing {unknown}
 f - a potion of resistance


   Skills:
 + Level 2.2 Fighting
 + Level 2.8 Axes
 + Level 2.0 Dodging
 + Level 2.2 Spellcasting
 + Level 3.1 Conjurations


You had 4 spell levels left.
You knew the following spells:

 Your Spells              Type           Power      Damage    Failure   Level
a - Kiss of Death         Conj/Necr      20%        2d7       16%         1

Your spell library contained the following spells:

 Spells                   Type           Power      Damage    Failure   Level
 Momentum Strike          Conj/Tloc      10%        3d8       24%         2
 Hailstorm                Conj/Ice       5%         3d4       43%         3


Dungeon Overview and Level Annotations

Branches:
Dungeon (2/15)

Altars:


Innate Abilities, Weirdness & Mutations

You have a pair of small horns on your head.


Message History

You see here 3 stones.
Done exploring.
Okay, then.
As you read the scroll labelled QEUMOE CEYPIG, it crumbles to dust.
You feel strangely unstable.
It was a scroll of teleportation.
As you read the scroll labelled WARIAD KUCKAECA, it crumbles to dust.
The air around you briefly surges with heat, but it dissipates.
It was a scroll of immolation.
As you read the scroll labelled BAKUNO ZOYTZ, it crumbles to dust.
Magic quickly surges around you.
It was a scroll of vulnerability.
It was a potion of resistance.
You feel protected.
It was a potion of flight.
You feel very buoyant.
You fly up into the air.
Your surroundings suddenly seem different.
(D) Dungeon
Where to? (Enter - D:1 @ (x,y), ? - help)
There is a stone staircase leading down here.
You fly downwards.
The gnoll shouts!
Found 13 gold pieces.
There is a stone staircase leading up here.
There are monsters nearby!
The gnoll hits you with a +0 flail of protection!
Ouch! That really hurt!
The gnoll hits you but does no damage.
You fly upwards.
There is a stone staircase leading down here.
You hit the gnoll but do no damage. The gnoll closely misses you.
You hit the gnoll but do no damage.
The gnoll hits you with a +0 flail of protection.
You barely miss the gnoll. Your headbutt misses the gnoll.
The gnoll hits you but does no damage.
You hit the gnoll but do no damage.
The gnoll hits you with a +0 flail of protection!
* * * LOW HITPOINT WARNING * * *
You closely miss the gnoll.
The gnoll hits you with a +0 flail of protection.
You die...

#.......................##.......
#.....##...####.........###..#.#.
#.##.###.#.####...#.##..# #......
#....# #.#........####..# ##.#...
#.##.# #.#.####.#.####..####.#.#.
#.##.# #.#.####...............###
#.##.# #.#.#....#............##8#
รท....#
#.#.'.......####.......... ..##.#
#.###....@..## #..####....
..##.###.# #....g...# #..)..#....
.......#.# ####.#^### #..##.###8#
..##.###.# #.#.#####..##.# ###
..##.# #.# #..>....#..##.# #.#
#.##.###.# #.............# #.#
#........# ###..........####.#
#.###############...............#
#.#####.........#....#..#...#.#.#


You could see a gnoll.

Vanquished Creatures
  3 bats (D:1)
  4 endoplasms (D:1)
  A goblin (D:1)
  A hobgoblin (D:1)
  2 kobolds (D:1)
  2 ball pythons (D:1)
  2 rats (D:1)
15 creatures vanquished.

Notes
Turn   | Place    | Note
-------+----------+-------------------------------------------
     0 | D:1      | booth the Demonspawn Reaver began the quest for the Orb.
     0 | D:1      | Reached XP level 1. HP: 16/16 MP: 3/3
   345 | D:1      | Gained mutation: You have a pair of small horns on your
                  | head. [demonic ancestry]
   345 | D:1      | Reached XP level 2. HP: 15/22 MP: 5/5
   563 | D:1      | Found a faded altar of an unknown god.
   963 | D:1      | Slain by a gnoll

Illustrated notes

Levels and vault maps discovered:
D:1:      wander_arrival_abandoned_jail, layout_basic, serial_corexii_hall,
          corexii_hall_statues_s, chequers_hall_statues_y,
          chequers_ecumenical_altar_simple
D:2:      layout_basic

Skill      XL: |  1  2 |
---------------+-------+-----
Dodging        | 2 |  2.0
Fighting       | |  2.2
Axes           | |  2.8
Spellcasting   | |  2.2
Conjurations   | |  3.1

Action                     || total
---------------------------++-------
  Melee: Hand axe          ||    54
         Headbutt          ||     1
    Use: Scroll            ||     3
         Potion            ||     2
 Armour: Leather armour    ||    15
  Dodge: Dodged            ||    35
